 Dungeon Crawl Stone Soup version 0.28-a0-529-g3bad584f25 (webtiles) character file.

Game seed: 8395633806775529854

138 omnomnOMINOUS the Skirmisher (level 5, -3/39 HPs)
             Began as an Octopode Wanderer on Sept 24, 2021.
             Was a Believer of Zin.
             Slain by Grinder (7 damage)
             ... on level 3 of the Dungeon.
             The game lasted 00:02:23 (2553 turns).

omnomnOMINOUS the Skirmisher (Octopode Wanderer)    Turns: 2553, Time: 00:02:24

Health: -3/39      AC:  1    Str:  8    XL:     5   Next: 21%
Magic:  5/5        EV: 14    Int: 16    God:    Zin [**....]
Gold:   72         SH:  5    Dex: 14    Spells: 4/4 levels left

rFire   . . .      SeeInvis .   a - +2 falchion
rCold   . . .      Faith    .   c - +0 buckler
rNeg    . . .      Spirit   .   (helmet restricted)
rPois   .          Reflect  .   (no amulet)
rElec   .          Harm     .   k - ring of wizardry
rCorr   .          Rampage  .   (no ring)
Will    .....                   (no ring)
Stlth   +++.......              (no ring)
HPRegen 0.13/turn               (no ring)
MPRegen 0.09/turn               (no ring)
                                (no ring)
                                (no ring)

@: no status effects
A: almost no armour, amphibious, 8 rings, camouflage 1, gelatinous body 1,
(nimble swimmer 1), tentacles
a: Renounce Religion, Recite, Vitalisation, Donate Gold


You were on level 3 of the Dungeon.
You worshipped Zin.
Zin was pleased with you.
You visited 1 branch of the dungeon, and saw 3 of its levels.

You collected 79 gold pieces.
You donated 7 gold pieces to Zin.

Inventory:

Hand Weapons
 a - a +2 falchion (weapon)
 b - a +0 spear
Armour
 c - a +0 buckler (worn)
Jewellery
 k - a ring of wizardry (left tentacle)
Scrolls
 d - a scroll of noise {unknown}
 e - 2 scrolls of identify {unknown}
 f - 2 scrolls of teleportation
 g - 2 scrolls of enchant weapon {unknown}
 j - a scroll of enchant armour {unknown}
Potions
 h - 2 potions of heal wounds {unknown}
 i - a potion of haste {unknown}
 l - a potion of cancellation {unknown}
 m - 2 potions of degeneration {unknown}
 n - a potion of flight {unknown}


   Skills:
 - Level 5.0 Fighting
 - Level 1.0 Long Blades
 - Level 1.0 Staves
 + Level 3.2 Dodging
 - Level 1.3 Stealth
 + Level 3.4 Shields
 - Level 1.1 Evocations


You had 4 spell levels left.
You didn't know any spells.
Your spell library was empty.

Dungeon Overview and Level Annotations

Branches:
Dungeon (3/15)

Altars:
Zin

Annotations:
D:3 Grinder


Innate Abilities, Weirdness & Mutations

You cannot wear most types of armour.
You are amphibious.
You can wear up to eight rings at the same time.
Your skin changes colour to match your surroundings (Stealth+).
Your rubbery body absorbs attacks. (AC +1, EV +1)
((You are camouflaged near water. (Stealth+)))
You have tentacles for arms and can constrict up to eight enemies at once.


Message History

You feel less confused.
You start resting.
HP restored.
You climb downwards.
Level annotation: Grinder
There is a stone staircase leading up here.
Grinder gestures at you.
You barely resist. You hit Grinder. Your grab misses Grinder.
Grinder is lightly wounded.
Grinder blinks!
Grinder gestures at you. Pain shoots through your body!
Grinder blinks!
Things that are here:
a +0 dagger; an orc skeleton Grinder gestures at you.
Pain shoots through your body!
You see here a +0 war axe.
You hit Grinder but do no damage. You grab Grinder. You squeeze Grinder!
Grinder is moderately wounded.
You constrict Grinder. Grinder gestures at you.
You resist with significant effort.
You hit Grinder.
Grinder is heavily wounded.
You constrict Grinder. Grinder hits you.
You writhe in agony.
You are too injured to fight recklessly!
You are too injured to fight recklessly!
You are too injured to fight recklessly!
You slash Grinder!
Grinder is severely wounded.
You constrict Grinder. Grinder gestures at you. Pain shoots through your body!
* * * LOW HITPOINT WARNING * * *
You hit Grinder.
Grinder is almost dead.
You constrict Grinder. You block Grinder's attack. Grinder hits you!
You die...

#......... #.........##
#.# #........... . #..##
#..........# .##...##
#........... ..
......####.........#. ?..
#................... #..#
#......#5..(......#
#...###...#...@.........#
###........<...)####.....#
...............(# #...##
......#....#..### ...#
.......<#....## ..#
......#)#...## .oo# .....
#.#..## .... #... #....#
.... #.. ##..##


You could see Grinder.

Vanquished Creatures
  Jessica (D:3)
  An orc wizard (D:2)
  A gnoll (D:1)
  4 adders (D:2)
  2 dart slugs
  3 orcs
  4 bats
  3 endoplasms
  2 giant cockroaches (D:2)
  4 hobgoblins
  A quokka (D:2)
  4 ball pythons
  2 frilled lizards
  2 goblins (D:3)
  2 kobolds (D:1)
  3 rats
39 creatures vanquished.

Notes
Turn   | Place    | Note
-------+----------+-------------------------------------------
     0 | D:1      | omnomnOMINOUS the Octopode Wanderer began the quest for the
                  | Orb.
     0 | D:1      | omnomnOMINOUS set off with the following items: a +2
                  | falchion, a scroll of teleportation, a +0 buckler
     0 | D:1      | Reached XP level 1. HP: 18/18 MP: 1/1
    32 | D:1      | Found a faded altar of an unknown god.
    42 | D:1      | Became a worshipper of Zin the Law-Giver
    42 | D:1      | Reached * piety under Zin
   194 | D:1      | Reached skill level 1 in Dodging
   194 | D:1      | Reached XP level 2. HP: 22/24 MP: 2/2
   445 | D:1      | Reached ** piety under Zin
   786 | D:2      | Reached XP level 3. HP: 29/29 MP: 3/3
  1357 | D:2      | Reached XP level 4. HP: 23/35 MP: 4/4
  2172 | D:3      | Noticed Jessica
  2177 | D:3      | Killed Jessica
  2354 | D:3      | Noticed Grinder
  2485 | D:3      | Paralysed by Grinder for 2 turns
  2493 | D:2      | Reached XP level 5. HP: 32/39 MP: 5/5
  2553 | D:3      | Slain by Grinder

Illustrated notes

Levels and vault maps discovered:
D:1:      lemuel_arrival_river_bridge, layout_rooms,
          shapermc_ecumenical_altar_starsandcircs, fountainhead
D:2:      layout_basic
D:3:      layout_rooms, serial_shops, shop, grunt_ministairs_6, uniq_natasha,
          uniq_grinder, uniq_ijyb, uniq_robin, uniq_jessica

Skill      XL: |  1  2  3  4 |
---------------+-------------+-----
Dodging        | 1 2 3 |  3.2
Shields        | 2 3 |  3.4
Fighting       | |  5.0
Long Blades    | |  1.0
Staves         | |  1.0
Stealth        | |  1.3
Evocations     | |  1.1

Action                   |  1- 3 |  4- 6 || total
-------------------------+-------+-------++-------
Melee: Falchion          |    53 |    38 ||    91
       Constrict         |    11 |    12 ||    23
       Tentacles         |     6 |     3 ||     9
 Stab: Sleeping          |     6 |       ||     6
Armor: Skin              |     9 |       ||     9
Dodge: Dodged            |    25 |    23 ||    48
Block: Buckler           |    12 |    11 ||    23

Table legend: (Time is in decaauts)
 A = Elapsed time spent in this place.
 B = Non-inter-level travel time spent in this place.
 C = Inter-level travel time spent in this place.
 D = Time resting spent in this place.
 E = Time spent auto-exploring this place.
 F = Levels seen in this place.
 G = Mean time per level.
                   A        B        C        D        E       F      G
               +--------+--------+--------+--------+--------+-----+--------+
         Total |   2580 |   2534 |     46 |    686 |   1529 |   3 |  860.0 |
       Dungeon |   2580 |   2534 |     46 |    686 |   1529 |   3 |  860.0 |
               +--------+--------+--------+--------+--------+-----+--------+

Top non-repeatable levels by time:
     D:2: 1908 daAuts
     D:1: 583 daAuts
     D:3: 89 daAuts
